Map: Lost and Found LE

Players

Serral

  • Race: Zerg Zerg
  • League: Master
  • Spawn Location: 1:00

lIIllllIIlll (INnoVation) - Winner!

  • Race: Terran Terran
  • League: Master
  • Spawn Location: 7:00

Event: HomeStory Cup XVIII

VOD

Have the link to the VOD?

Description

Time

  • Played on: Nov. 25, 2018, 3:39 p.m.
  • Length: 22:27

All games in this series

Show
View Real Time Build Order
Export as new Build Order

Serral Zerg 

Build Orders: Pool First, Muta Ling Bane 

Get SALT Encoding   

  12  0:00  Drone  
  13  0:13  Overlord  
  13  0:18  Drone  
  14  0:31  Drone x2  
  16  0:41  Spawning Pool  
  15  0:44  Drone  
  15  0:47  Drone  
  17  1:07  Hatchery  
  17  1:10  Drone  
  17  1:24  Extractor  
  16  1:27  Zergling x2  
  16  1:28  Zergling x4  
  16  1:30  Queen  
  21  1:39  Overlord  
  21  1:51  Drone  
  22  2:00  Drone  
  23  2:06  Queen  
  25  2:11  Drone  
  26  2:19  Drone  
  26  2:20  Queen  
  26  2:22  Drone  
  30  2:29  Metabolic Boost  
  30  2:30  Drone  
  30  2:35  Drone  
  32  2:41  Drone  
  32  2:42  Drone x3  
  36  2:46  Overlord  
  36  3:02  Hatchery  
  36  3:05  Drone x2  
  36  3:08  Drone  
  38  3:13  Queen  
  38  3:17  Overlord  
  40  3:21  Drone  
  40  3:22  Drone  
  40  3:24  Drone  
  40  3:25  Drone  
  44  3:34  Overlord  
  44  3:37  Zergling x4  
  44  3:41  Drone x3  
  49  3:46  Overlord  
  49  3:49  Zergling x2  
  49  3:50  Queen  
  52  3:58  Drone x3  
  52  3:59  Drone  
  56  4:05  Overlord  
  56  4:11  Overlord  
  56  4:15  Queen  
  56  4:16  Drone x2  
  60  4:17  Evolution Chamber  
  60  4:18  Evolution Chamber  
  60  4:20  Overlord  
  60  4:24  Zergling x4  
  60  4:25  Zergling x2  
  60  4:28  Queen  
  63  4:32  Spore Crawler  
  63  4:35  Spore Crawler  
  63  4:37  Drone, Spore Crawler  
  63  4:38  Drone x2  
  65  4:39  Drone  
  65  4:40  Drone  
  65  4:43  Spore Crawler  
  65  4:45  Drone  
  67  4:46  Drone  
  67  4:48  Drone  
  67  4:49  Drone  
  67  4:51  Drone x2  
  72  4:53  Drone  
  72  4:57  Drone x2  
  75  5:01  Zergling x2  
  75  5:02  Overlord, Zergling x2  
  75  5:05  Drone x3  
  79  5:10  Extractor  
  79  5:11  Extractor  
  79  5:12  Zergling x2  
  78  5:14  Drone x2, Evolution Chamber  
  78  5:15  Evolution Chamber  
  78  5:21  Drone  
  78  5:23  Lair  
  78  5:26  Overlord, Drone  
  78  5:27  Drone x3  
  83  5:29  Drone  
  83  5:33  Overlord  
  83  5:34  Drone x2  
  85  5:36  Drone  
  85  5:37  Drone  
  85  5:40  Drone x3  
  85  5:41  Extractor  
  85  5:42  Extractor  
  88  5:47  Zerg Ground Armor Level 1  
  88  5:48  Zerg Melee Weapons Level 1  
  88  5:51  Drone x3  
  88  5:54  Extractor, Baneling Nest  
  88  5:55  Drone x2  
  91  6:02  Drone x5  
  94  6:06  Overlord  
  94  6:10  Zergling x6  
  97  6:16  Drone x2, Zergling x4  
  101  6:24  Overseer  
  101  6:26  Zergling x4  
  101  6:27  Zergling x2  
  104  6:34  Hatchery  
  104  6:36  Spire  
  104  6:37  Centrifical Hooks  
  104  6:38  Overlord  
  101  6:41  Zergling x10  
  101  6:44  Baneling x6  
  101  6:45  Overlord, Baneling x2  
  101  6:46  Zergling x2  
  107  6:54  Overlord  
  107  7:01  Overseer  
  107  7:03  Zergling x12  
  113  7:08  Spawning Pool  
  112  7:16  Overlord  
  112  7:20  Overlord  
  112  7:21  Zergling x10  
  112  7:22  Overlord  
  117  7:24  Overlord  
  117  7:28  Overlord  
  115  7:35  Overlord  
  115  7:36  Overlord  
  115  7:42  Zergling x8  
  115  7:43  Zerg Melee Weapons Level 2, Zerg Ground Armor Level 2  
  118  7:51  Mutalisk x7  
  118  7:52  Mutalisk  
  134  7:59  Mutalisk  
  134  8:00  Zergling x2  
  134  8:01  Zergling x4  
  134  8:03  Zergling x2  
  140  8:05  Baneling  
  140  8:06  Overseer, Baneling x2  
  140  8:11  Zergling x2  
  140  8:12  Zergling x8  
  141  8:15  Zergling x6  
  141  8:17  Queen  
  146  8:24  Mutalisk x2  
  146  8:25  Mutalisk  
  152  8:27  Hatchery  
  152  8:30  Drone x5  
  152  8:31  Drone  
  154  8:39  Baneling x3  
  153  8:46  Drone x2  
  153  8:47  Pneumatized Carapace, Infestation Pit  
  154  8:48  Mutalisk  
  154  8:52  Overlord  
  156  9:00  Zergling x32  
  162  9:05  Zergling x8  
  163  9:11  Drone x2  
  163  9:12  Overseer  
  163  9:16  Zergling x4  
  164  9:24  Zergling x12  
  164  9:27  Hive  
  164  9:30  Extractor, Drone  
  170  9:32  Drone x2  
  170  9:35  Baneling x5  
  172  9:38  Baneling x2  
  172  9:39  Zergling x12, Baneling  
  172  9:40  Burrow  
  172  9:42  Zerg Flyer Weapons Level 1  
  172  9:43  Queen  
  172  9:44  Drone x6  
  186  9:47  Spine Crawler  
  186  9:49  Mutalisk x2  
  189  9:55  Zergling x10  
  189  9:56  Baneling  
  189  9:57  Baneling x9  
  189  9:59  Baneling x4  
  194  10:05  Zergling x12  
  200  10:10  Baneling x9  
  200  10:13  Baneling  
  191  10:14  Drone x5  
  191  10:15  Drone  
  191  10:16  Drone  
  191  10:18  Drone x2  
  191  10:20  Drone x2  
  197  10:24  Drone x2  
  197  10:31  Baneling  
  197  10:32  Baneling x5  
  197  10:34  Zergling x4  
  196  10:43  Overlord x2  
  196  10:44  Overseer  
  196  10:45  Overseer  
  196  10:46  Zerg Melee Weapons Level 3  
  196  10:53  Drone x2  
  196  10:57  Drone x2  
  198  11:00  Adrenal Glands  
  198  11:03  Ultralisk Cavern  
  192  11:11  Zergling x46  
  180  11:16  Drone x2  
  175  11:22  Zergling x8  
  175  11:25  Baneling x13  
  179  11:26  Baneling x9  
  179  11:27  Zergling x2  
  179  11:28  Zergling x2  
  180  11:41  Zergling x12  
  180  11:42  Zergling x16  
  180  11:44  Baneling  
  180  11:45  Baneling x7  
  185  11:48  Zergling x8  
  185  11:52  Baneling x5  
  185  11:53  Baneling x6  
  181  11:55  Zergling x2  
  172  12:03  Zergling x2  
  172  12:04  Zergling x22  
  172  12:06  Zergling x4  
  172  12:07  Zergling x6  
  182  12:18  Zergling x10  
  182  12:19  Chitinous Plating  
  182  12:25  Baneling  
  182  12:26  Baneling x12  
  180  12:35  Baneling x14  
  180  12:36  Zergling x16  
  186  12:47  Extractor  
  186  12:49  Drone x3  
  186  12:50  Zergling x12  
  187  12:53  Baneling x14  
  166  13:01  Zergling x16  
  166  13:04  Overseer  
  146  13:13  Overlord x2  
  146  13:17  Zergling x22  
  148  13:20  Baneling x6  
  148  13:25  Zergling x14  
  154  13:35  Overseer  
  154  13:37  Anabolic Synthesis  
  154  13:38  Ultralisk  
  154  13:40  Infestor  
  162  13:41  Hatchery  
  161  13:50  Ultralisk  
  167  13:59  Ultralisk x2  
  178  14:05  Zergling x16  
  186  14:14  Zergling x20  
  194  14:21  Overlord  
  192  14:33  Overlord  
  191  14:41  Zergling x20  
  191  14:43  Baneling x4  
  191  14:44  Baneling x21  
  200  14:52  Zergling x16  
  198  14:53  Baneling  
  198  14:54  Baneling x8  
  187  15:00  Hatchery  
  187  15:04  Zergling x28  
  176  15:16  Zergling x2, Ultralisk x2  
  176  15:18  Zergling x2  
  176  15:19  Zergling x4  
  164  15:32  Overseer  
  164  15:33  Zergling x6, Ultralisk x2  
  178  15:39  Baneling  
  178  15:40  Baneling x13  
  177  15:47  Baneling x2  
  177  15:48  Ultralisk, Zergling x2, Baneling x2  
  184  15:56  Zerg Flyer Armor Level 1  
  184  16:03  Drone  
  184  16:04  Extractor, Drone  
  180  16:05  Drone x3, Spore Crawler  
  180  16:10  Ultralisk  
  182  16:11  Zergling x16  
  182  16:13  Baneling x2  
  189  16:20  Infestor  
  187  16:28  Ultralisk  
  187  16:29  Ultralisk  
  190  16:33  Zergling x20  
  183  16:40  Zergling x2  
  183  16:41  Zergling x14  
  183  16:44  Baneling x2  
  188  16:48  Ultralisk  
  194  17:00  Zergling x12  
  194  17:01  Zergling x8  
  189  17:11  Zergling x18  
  196  17:19  Baneling x11  
  196  17:20  Hatchery  
  196  17:22  Baneling x6  
  195  17:23  Baneling x2  
  195  17:25  Baneling  
  195  17:26  Baneling x4  
  195  17:29  Zergling x4  
  196  17:33  Baneling x5  
  196  17:35  Zergling x6  
  165  17:45  Zergling x20  
  153  17:52  Drone x2  
  155  18:00  Infestor x2  
  155  18:01  Zergling x2  
  155  18:02  Zergling x12  
  155  18:04  Overseer x2  
  155  18:05  Overseer  
  165  18:15  Zergling x16  
  167  18:23  Zergling x2  
  167  18:24  Zergling x12  
  169  18:30  Baneling x9  
  159  18:34  Zergling x2  
  159  18:35  Zergling x4  
  158  18:51  Baneling x6  
  158  18:58  Hatchery  
  158  18:59  Zergling x22  
  165  19:06  Zergling x14  
  170  19:13  Baneling x12  
  167  19:20  Zergling x10  
  166  19:26  Zergling x6  
  166  19:27  Zergling x6  
  166  19:30  Zergling x6  
  162  19:39  Zergling x16  
  162  19:45  Zergling x8  
  155  19:51  Corruptor x2  
  158  19:56  Corruptor  
  159  20:02  Infestor, Corruptor  
  159  20:03  Corruptor  
  159  20:05  Baneling  
  159  20:06  Baneling x2  
  163  20:09  Baneling x6  
  163  20:19  Corruptor  
  165  20:23  Baneling x8  
  161  20:29  Corruptor x4  
  161  20:31  Zergling x2  
  161  20:32  Zergling x2  
  145  20:44  Zergling x10, Ultralisk  
  145  20:47  Zergling x4  
  145  20:48  Overseer  
  153  20:57  Corruptor x3  
  153  21:02  Zergling x6  
  153  21:03  Baneling x3  
  156  21:04  Baneling  
  151  21:13  Zergling x16  
  149  21:25  Ultralisk x2  
  147  21:29  Baneling x2  
  147  21:36  Baneling x4  
  147  21:43  Overseer  
  147  21:46  Hatchery  
  146  21:47  Ultralisk  
  146  21:53  Overseer  
  147  21:59  Zergling x12  
Show
View Real Time Build Order
Export as new Build Order

lIIllllIIlll Terran - Winner!

Build Orders: Gas First Reaper Expand, Reaper Expand, Hellion Banshee 

Get SALT Encoding   

  12  0:00  SCV  
  13  0:12  SCV  
  14  0:16  Supply Depot  
  14  0:24  SCV  
  14  0:27  Refinery  
  15  0:38  SCV  
  16  0:44  Barracks  
  16  0:50  SCV  
  17  1:02  SCV  
  18  1:14  SCV  
  19  1:30  Orbital Command  
  19  1:31  Reaper  
  20  1:40  Command Center  
  20  1:50  Factory  
  20  1:56  SCV  
  21  2:05  Barracks Reactor  
  21  2:08  SCV  
  22  2:11  Supply Depot  
  22  2:12  Refinery  
  22  2:20  SCV  
  23  2:33  SCV  
  24  2:40  Starport  
  28  2:44  Hellion x2  
  28  2:45  SCV  
  28  2:46  Marine  
  30  2:52  Orbital Command  
  30  2:57  SCV  
  35  3:05  Hellion x2  
  35  3:10  SCV  
  37  3:16  Starport Tech Lab  
  37  3:19  SCV  
  38  3:22  SCV  
  40  3:27  Supply Depot  
  40  3:29  Barracks Tech Lab  
  40  3:34  SCV x2  
  43  3:35  Cloaking Field, Banshee  
  43  3:43  Hellion  
  43  3:46  SCV  
  46  3:49  Hellion, SCV  
  46  3:51  Stimpack  
  46  3:55  Supply Depot  
  49  3:58  SCV  
  49  4:01  SCV  
  51  4:12  SCV  
  51  4:13  SCV  
  53  4:18  Command Center  
  53  4:19  Factory Reactor  
  53  4:21  Banshee  
  53  4:22  Supply Depot  
  56  4:25  SCV x2  
  58  4:33  Barracks  
  58  4:38  SCV x2  
  60  4:40  Barracks  
  60  4:41  Marine  
  61  4:48  Engineering Bay x2  
  61  4:50  SCV x2  
  63  4:56  Refinery  
  63  4:58  Supply Depot, Refinery  
  63  5:03  SCV x2  
  65  5:07  Marine  
  65  5:14  Starport Reactor  
  66  5:15  SCV x2  
  66  5:19  Terran Infantry Weapons Level 1, Terran Infantry Armor Level 1  
  68  5:22  Marine x2  
  68  5:25  Marine  
  68  5:27  SCV  
  68  5:28  SCV  
  73  5:30  Orbital Command  
  73  5:40  SCV x2  
  75  5:43  Barracks  
  75  5:45  Barracks  
  75  5:46  Marine x3  
  75  5:47  Marine x2  
  80  5:50  Medivac  
  80  5:51  Supply Depot, Combat Shield  
  80  5:52  Medivac  
  80  5:54  Orbital Command  
  84  5:58  SCV x2  
  86  6:04  Marine x4  
  86  6:08  Supply Depot  
  86  6:09  Supply Depot  
  86  6:10  SCV x2  
  89  6:19  Armory  
  89  6:20  SCV  
  89  6:22  SCV x2  
  89  6:24  Factory Reactor, Factory  
  92  6:32  SCV, Barracks Reactor x2  
  93  6:33  Refinery  
  93  6:34  SCV x2  
  93  6:37  Supply Depot  
  93  6:38  Marine x2  
  93  6:39  Marine x3  
  100  6:45  SCV  
  100  6:46  SCV x2  
  103  6:48  Medivac x2  
  103  6:53  Supply Depot  
  107  6:56  Marine x4  
  107  6:57  Marine  
  107  7:00  Supply Depot, SCV x3  
  112  7:01  Widow Mine  
  112  7:02  Widow Mine  
  116  7:13  Terran Infantry Armor Level 2, Terran Infantry Weapons Level 2, Drilling Claws  
  116  7:15  Widow Mine  
  117  7:18  Marine x6  
  123  7:23  Widow Mine, Unknown  
  125  7:34  Marine x3  
  125  7:36  Command Center  
  128  7:38  Widow Mine x2, Medivac  
  128  7:39  Medivac  
  128  7:41  Unknown  
  136  7:44  Widow Mine  
  136  7:45  Supply Depot  
  136  7:46  Supply Depot, SCV x3  
  136  7:49  Refinery  
  141  8:00  Barracks  
  141  8:01  Barracks  
  141  8:02  Barracks  
  141  8:06  SCV x3  
  141  8:09  Supply Depot, Widow Mine x3, Marine x2  
  141  8:11  Supply Depot  
  148  8:17  Medivac x2  
  148  8:19  SCV x3  
  153  8:29  Missile Turret  
  153  8:31  Thor  
  157  8:35  Widow Mine x2  
  157  8:40  SCV x3  
  164  8:46  Missile Turret  
  164  8:49  Planetary Fortress, Missile Turret  
  164  8:51  Terran Vehicle And Ship Armor Level 1  
  164  8:52  Missile Turret, SCV x3, Barracks Tech Lab x3  
  166  8:59  Marine  
  166  9:00  Marine x6, Marauder  
  166  9:04  Widow Mine x2  
  166  9:09  Medivac x2  
  170  9:15  Supply Depot, Missile Turret  
  170  9:16  Supply Depot  
  170  9:22  Thor  
  166  9:29  Marauder x4  
  172  9:34  Concussive Shells  
  172  9:35  Missile Turret  
  172  9:36  Terran Infantry Weapons Level 3  
  172  9:41  Marine x3  
  172  9:42  Marine x4  
  179  9:46  Terran Infantry Armor Level 3  
  179  9:50  Widow Mine x2  
  183  9:53  Supply Depot  
  183  9:55  Supply Depot  
  183  10:01  Marauder x2  
  183  10:03  Marauder  
  183  10:04  Marine  
  188  10:17  Widow Mine x2, Marine x2, Marauder  
  188  10:19  Thor  
  196  10:22  Supply Depot  
  196  10:24  Supply Depot  
  196  10:28  Marine  
  196  10:30  Missile Turret  
  196  10:43  Medivac x2  
  196  10:48  Command Center  
  196  10:49  Missile Turret  
  200  10:50  Marine x2, Marauder  
  200  10:51  Marine x2  
  200  10:53  Marauder  
  200  10:54  Marine  
  200  10:55  Marine  
  200  11:03  Marine  
  199  11:05  Marauder  
  199  11:06  Marauder  
  199  11:08  Widow Mine x2  
  199  11:10  Marine x2  
  200  11:14  Marauder  
  200  11:20  Terran Vehicle And Ship Armor Level 2, Sensor Tower  
  198  11:27  Marauder, Command Center  
  199  11:34  Marauder  
  199  11:37  Command Center  
  196  11:41  Thor, Widow Mine x2  
  196  11:42  Marauder x2  
  196  11:43  Marine x2  
  196  11:46  Missile Turret  
  198  11:48  Marauder  
  198  11:51  Medivac  
  198  11:52  Medivac  
  191  11:56  Barracks Reactor  
  178  12:06  Widow Mine x2  
  178  12:07  Marauder x3, Marine x2  
  178  12:08  Marine x2  
  172  12:09  Marine x2  
  172  12:10  Marauder  
  172  12:13  SCV x3  
  171  12:24  Thor  
  171  12:25  Marine x3  
  171  12:26  Marine  
  171  12:27  Marine  
  171  12:28  Marauder  
  171  12:29  Marauder x2  
  187  12:31  Widow Mine x2  
  187  12:34  Marauder, Marine  
  187  12:36  Marine x2  
  195  12:50  Marauder  
  185  12:59  Orbital Command, SCV x2  
  185  13:00  SCV  
  153  13:08  Widow Mine x2, Thor  
  153  13:11  SCV x2  
  153  13:12  SCV  
  157  13:16  Planetary Fortress  
  157  13:21  Marine x5, Marauder x2  
  157  13:23  SCV x2  
  157  13:24  SCV  
  169  13:27  Planetary Fortress  
  169  13:31  SCV  
  169  13:34  Marauder  
  170  13:35  Marine, SCV x2  
  173  13:41  Widow Mine x2  
  173  13:44  SCV x2  
  173  13:47  Missile Turret, SCV  
  173  13:48  Missile Turret, SCV  
  177  13:50  Marauder x3  
  177  13:51  Marine x3  
  184  13:58  SCV x2  
  184  13:59  SCV  
  184  14:01  Thor  
  193  14:07  Marine x5, Marauder  
  200  14:13  Terran Vehicle And Ship Armor Level 3  
  200  14:14  Barracks Tech Lab  
  200  14:15  Ghost Academy  
  200  14:29  Command Center  
  200  14:30  Sensor Tower  
  200  14:36  Command Center  
  200  14:44  Starport  
  200  14:45  Starport  
  200  14:46  Fusion Core  
  188  14:54  Marine  
  188  14:55  Marauder x3, Marine x8  
  182  15:01  Thor  
  182  15:02  Widow Mine x2  
  170  15:12  Marine x2  
  170  15:13  Marauder  
  145  15:16  Marauder x3, Medivac  
  145  15:17  Medivac  
  145  15:18  SCV x4  
  127  15:24  Starport Tech Lab  
  127  15:25  Starport Reactor  
  122  15:30  SCV x3  
  122  15:31  Marine  
  122  15:32  Marine  
  122  15:35  Marauder  
  128  15:37  Marauder x2, SCV  
  128  15:42  SCV x2  
  134  15:43  Refinery x2, SCV  
  134  15:48  Marauder  
  134  15:49  Marine, SCV  
  139  15:54  Marine x2  
  139  15:56  Marauder  
  145  15:57  Widow Mine  
  145  15:59  Widow Mine x2, Marauder x2  
  145  16:02  SCV x3  
  156  16:14  Marauder, Marine x6  
  156  16:17  Marauder  
  166  16:19  SCV x4  
  166  16:20  Marauder x2  
  166  16:21  Unknown  
  166  16:24  Widow Mine x3  
  180  16:31  SCV  
  181  16:36  Orbital Command  
  181  16:38  Marauder  
  181  16:39  Marauder  
  172  16:40  Marine x3  
  172  16:44  SCV x4  
  172  16:45  Widow Mine  
  181  16:51  Widow Mine x2  
  185  16:57  SCV, Orbital Command  
  174  17:02  Marauder  
  174  17:03  Marauder  
  174  17:05  SCV x2  
  174  17:06  Marine x2, SCV  
  185  17:08  Planetary Fortress, Marine x2  
  185  17:29  Supply Depot  
  185  17:30  Supply Depot  
  185  17:35  Widow Mine, Advanced Ballistics  
  185  17:38  Medivac, Liberator  
  185  17:39  Marine, Medivac, SCV x2  
  185  17:40  Widow Mine  
  185  17:41  Marauder  
  185  17:42  Widow Mine, Marine  
  168  17:47  Marine, Marauder  
  168  17:48  Marauder x2  
  168  17:51  Medivac  
  160  17:57  SCV  
  164  17:59  SCV x2  
  164  18:02  SCV x2  
  168  18:06  Marauder  
  168  18:08  Marine  
  168  18:09  Marine x5  
  168  18:10  Marine  
  168  18:12  Widow Mine  
  179  18:14  Widow Mine  
  179  18:18  Widow Mine, Liberator  
  181  18:20  Marine, Marauder x3  
  181  18:26  Marine x2, Medivac x2  
  181  18:27  Marine  
  194  18:28  Marauder  
  195  18:36  Marine  
  195  18:37  Marine x2  
  195  18:38  Marine, Unknown  
  200  18:54  SCV  
  199  18:56  Marine, Refinery  
  199  18:57  Refinery  
  200  19:03  Liberator x2  
  193  19:21  Marauder x3  
  193  19:22  Marine x8, Marauder  
  194  19:25  Widow Mine x3  
  194  19:30  Refinery x2  
  194  19:31  Command Center  
  196  19:36  Liberator x3  
  186  19:40  Marine x4  
  186  19:42  Marauder  
  186  19:43  Marauder x2  
  186  19:44  Marauder  
  150  19:50  SCV x2  
  150  19:51  Marine x4, Liberator, SCV x2  
  149  19:54  Widow Mine x3  
  149  19:55  Liberator  
  149  19:56  Unknown x2  
  164  20:02  SCV  
  164  20:04  Marauder x3, SCV  
  178  20:16  Widow Mine, SCV  
  178  20:17  Marauder  
  178  20:20  Reaper  
  184  20:22  Liberator  
  184  20:23  Liberator  
  184  20:26  Marauder x2  
  184  20:28  SCV  
  185  20:40  Widow Mine, Marauder x2  
  185  20:41  Marine  
  185  20:42  Marine  
  180  20:45  Liberator  
  180  20:46  Liberator  
  180  20:47  Widow Mine x2, Marauder  
  180  20:48  Marauder  
  171  20:55  Marine x2  
  171  20:56  Marine x4  
  174  21:01  Marauder x2  
  174  21:02  Widow Mine  
  186  21:09  Widow Mine, Marauder x2  
  192  21:17  Marine x2  
  192  21:18  Marine  
  180  21:19  Marine  
  180  21:22  Marauder  
  180  21:23  Marauder  
  180  21:24  Widow Mine x2  
  179  21:27  Marine  
  179  21:28  Marine x3  
  179  21:30  Marauder  
  179  21:31  Marauder  
  180  21:35  Marine  
  180  21:36  SCV x3  
  184  21:44  Marauder  
  184  21:46  Marine x3, Marauder  
  188  21:48  Marine x2  
  188  21:50  Marine  
  188  21:51  Marauder  
  188  21:52  Marauder  
  193  21:55  Widow Mine x2  
  193  21:56  Widow Mine  
  193  21:58  Marine x2  
  199  22:03  Marine  
Tags
 
Add a new tag
Caveats
  • Supply blocks, unpowered buildings, or Contaminate may cause inaccurate times.
  • Supply counts are checked every 10 seconds.